[Event "ICC tourney 1921 (15 5)"]
[Site "Internet Chess Club"]
[Date "2020.07.17"]
[Round "4"]
[White "coolbaja"]
[Black "SuperBlueSky"]
[Result "0-1"]
[ICCResult "White checkmated"]
[WhiteElo "1423"]
[BlackElo "1544"]
[Opening "Evans gambit: Waller attack"]
[ECO "C52"]
[NIC "IG.05"]
[Time "15:16:12"]
[TimeControl "900+5"]

1. e4 e5 2. Nf3 Nc6 3. Bc4 Bc5 4. b4 Bxb4 5. c3 Ba5 6. d4 exd4 7. O-O d6 8.
Qb3 Qe7 9. Ba3 Nh6 10. cxd4 Bb6 11. Bb5 Bd7 12. Qd1 O-O 13. e5 Nxe5 14. dxe5
Bxb5 15. exd6 Qf6 16. Qb3 Bxf1 17. Bb2 Qxd6 18. Kxf1 Ng4 19. h3 Nh2+ 20. Kg1
Nxf3+ 21. Qxf3 Rfe8 22. Na3 Qd2 23. Nc4 Qe2 24. Qg3 Bxf2+ 25. Qxf2 Qxc4 26.
Qg3 Qc5+ 27. Kh1 g6 28. Rc1 Qd6 29. Qc3 f6 30. Qc4+ Kg7 31. Rf1 Re6 32. Qh4
Rae8 33. Qf2 b6 34. Ba1 c5 35. Bc3 b5 36. a3 c4 37. Qxa7+ R8e7 38. Qf2 Qc6
39. Kh2 Qb6 40. Qf3 Qd6+ 41. Kh1 Qc6 42. Qf2 Rd7 43. Kg1 Qb6 44. Qxb6 Rxb6
45. g4 Kf7 46. h4 Re6 47. Kh1 Rd3 48. Bb2 c3 49. Bc1 c2 50. Kg2 Rd1 51. Kf2
Rxf1+ 52. Kxf1 Re4 53. h5 Rxg4 54. hxg6+ hxg6 55. Ke2 Rg5 56. Kd3 Rg2 57.
Kc3 f5 58. Kb2 g5 59. Be3 f4 60. Bc1 f3 61. Be3 f2 62. Bxf2 Rxf2 63. Kc1 g4
64. a4 bxa4 65. Kb2 g3 66. Kc1 g2 67. Kb2 c1=Q+ 68. Kxc1 g1=Q#
{White checkmated}
0-1

[Event "ICC tourney 1921 (15 5)"]
[Site "Internet Chess Club"]
[Date "2020.07.17"]
[Round "5"]
[White "Roger436"]
[Black "Oliver0731"]
[Result "1-0"]
[ICCResult "Black resigns"]
[WhiteElo "1388"]
[BlackElo "1433"]
[Opening "Ruy Lopez: Wormald (Alapin) attack"]
[ECO "C65"]
[NIC "RL.07"]
[Time "16:14:04"]
[TimeControl "900+5"]

1. e4 e5 2. Nf3 Nc6 3. Bb5 Nf6 4. Qe2 a6 5. Ba4 Bc5 6. c3 O-O 7. d3 Ne7 8.
O-O Ng6 9. d4 exd4 10. cxd4 Bb6 11. Nc3 Re8 12. Bg5 d6 13. Bxe8 Qxe8 14.
Bxf6 gxf6 15. Nd5 f5 16. Nf6+ {Black resigns} 1-0

[Event "ICC tourney 1921 (15 5)"]
[Site "Internet Chess Club"]
[Date "2020.07.17"]
[Round "5"]
[White "Kausy"]
[Black "VincentT2008"]
[Result "1-0"]
[ICCResult "Black resigns"]
[WhiteElo "1682"]
[BlackElo "1344"]
[Opening "Two knights defense"]
[ECO "C58"]
[NIC "KP.01"]
[Time "16:13:47"]
[TimeControl "900+5"]

1. e4 e5 2. Nf3 Nc6 3. Bc4 Nf6 4. Ng5 d5 5. exd5 Na5 6. Bb5+ c6 7. dxc6 bxc6
8. Bd3 Nd5 9. Nf3 Bd6 10. O-O O-O 11. Re1 Re8 12. Bf1 Bg4 13. d3 f5 14. Be2
Qc7 15. h3 Bh5 16. c4 Nf6 17. Nc3 c5 18. Nb5 Qd7 19. Nxd6 Qxd6 20. Bd2 Nc6
21. Ng5 Bxe2 22. Qxe2 Rad8 23. Rad1 Nd4 24. Qf1 Nc2 25. Re2 Qxd3 26. Nf3 f4
27. Nxe5 Ne4 28. Nxd3 {Black resigns} 1-0

[Event "ICC tourney 1921 (15 5)"]
[Site "Internet Chess Club"]
[Date "2020.07.17"]
[Round "5"]
[White "inbha"]
[Black "jnkut"]
[Result "0-1"]
[ICCResult "White checkmated"]
[WhiteElo "1298"]
[BlackElo "1527"]
[Opening "Sicilian: Smith-Morra gambit"]
[ECO "B21"]
[NIC "SI.48"]
[Time "16:13:31"]
[TimeControl "900+5"]

1. e4 c5 2. d4 cxd4 3. Qxd4 Nc6 4. Qd1 d6 5. Nc3 Nf6 6. Nf3 e6 7. Bc4 Be7 8.
Bf4 O-O 9. O-O e5 10. Bg5 Bg4 11. h3 Bh5 12. Be2 Bg6 13. Nd2 Qc7 14. Bxf6
Bxf6 15. Nd5 Qd8 16. Nxf6+ Qxf6 17. c3 Rad8 18. Bd3 d5 19. exd5 Bxd3 20. Re1
Rxd5 21. Qb3 Rd7 22. Rad1 Rfd8 23. Ne4 Bxe4 24. Rxd7 Rxd7 25. Rxe4 Qd6 26.
Qc4 Qd5 27. Qxd5 Rxd5 28. Re2 f5 29. g3 Kf7 30. Kg2 Kf6 31. Kf3 e4+ 32. Ke3
Rd3+ 33. Kf4 g5# {White checkmated} 0-1

[Event "ICC tourney 1921 (15 5)"]
[Site "Internet Chess Club"]
[Date "2020.07.17"]
[Round "5"]
[White "chessmaster0981"]
[Black "sswagatha"]
[Result "0-1"]
[ICCResult "White checkmated"]
[WhiteElo "1312"]
[BlackElo "1413"]
[Opening "Queen's pawn game"]
[ECO "D04"]
[NIC "QP.08"]
[Time "16:13:25"]
[TimeControl "900+5"]

1. d4 d5 2. Nf3 Nf6 3. e3 Nc6 4. a3 Bf5 5. Bd3 Bg6 6. O-O e6 7. b3 Bd6 8.
Bb2 O-O 9. Bxg6 fxg6 10. Nbd2 Kh8 11. Ne5 Nh5 12. f4 Ne7 13. Ndf3 Nf5 14.
Qe2 Nh4 15. Ng5 Bxe5 16. fxe5 Qxg5 17. Rxf8+ Rxf8 18. Kh1 Nf5 19. Rf1 Nhg3+
20. hxg3 Nxg3+ 21. Kh2 Qh4+ 22. Kg1 Nxe2# {White checkmated} 0-1

[Event "ICC tourney 1921 (15 5)"]
[Site "Internet Chess Club"]
[Date "2020.07.17"]
[Round "5"]
[White "winner08"]
[Black "RockroyalChess"]
[Result "1-0"]
[ICCResult "Black resigns"]
[WhiteElo "1622"]
[BlackElo "1347"]
[Opening "Scotch: Schmidt variation"]
[ECO "C45"]
[NIC "SO.03"]
[Time "16:13:30"]
[TimeControl "900+5"]

1. e4 e5 2. Nf3 Nc6 3. d4 exd4 4. Nxd4 Nf6 5. Nc3 Bb4 6. Nxc6 bxc6 7. Bd3 d5
8. exd5 cxd5 9. O-O O-O 10. Bg5 Be6 11. Ne2 Bd6 12. Nd4 c5 13. Nxe6 fxe6 14.
Qe2 e5 15. Bf5 Qe7 16. Qd3 Qf7 17. Bxf6 gxf6 18. Bxh7+ Qxh7 19. Qxd5+ Kh8
20. Qxd6 Qxc2 21. b3 Rac8 22. Rfc1 Qb2 23. Rd1 Qc3 24. Rac1 Qb4 25. Rc4 Qb7
26. Rxc5 Rcd8 27. Qxd8 Rxd8 28. Rxd8+ Kg7 29. Rdc8 Kg6 30. h3 Qa6 31. R5c6
Qe2 32. Rf8 Qxa2 33. Rfxf6+ Kg5 34. g3 Qb1+ 35. Kh2 Qxb3 36. h4+ Kg4 37. f3+
{Black resigns}
1-0

[Event "ICC tourney 1921 (15 5)"]
[Site "Internet Chess Club"]
[Date "2020.07.17"]
[Round "5"]
[White "SuperBlueSky"]
[Black "soggydollar"]
[Result "1-0"]
[ICCResult "Black resigns"]
[WhiteElo "1562"]
[BlackElo "1415"]
[Opening "QGD: Lasker defense"]
[ECO "D56"]
[NIC "QO.16"]
[Time "16:13:24"]
[TimeControl "900+5"]

1. d4 d5 2. c4 e6 3. Nc3 Nf6 4. Nf3 Be7 5. Bg5 h6 6. Bh4 O-O 7. e3 Ne4 8.
Bxe7 Qxe7 9. Rc1 Nxc3 10. Rxc3 b6 11. Qc2 c6 12. Bd3 Ba6 13. O-O dxc4 14.
Bxc4 Bxc4 15. Rxc4 f6 16. Rc1 a5 17. a4 Ra7 18. Nh4 Rc8 19. Qb3 Qc7 20. Ng6
Na6 21. Nf4 Kf7 22. Nxe6 Qb7 23. Rxc6 {Black resigns} 1-0

[Event "ICC tourney 1921 (15 5)"]
[Site "Internet Chess Club"]
[Date "2020.07.17"]
[Round "5"]
[White "Aryangambit"]
[Black "Knightboy123"]
[Result "1-0"]
[ICCResult "Black checkmated"]
[WhiteElo "1772"]
[BlackElo "1438"]
[Opening "Sicilian: Najdorf, 7.f4"]
[ECO "B96"]
[NIC "SI.04"]
[Time "16:13:13"]
[TimeControl "900+5"]

1. e4 c5 2. Nf3 d6 3. d4 cxd4 4. Nxd4 Nf6 5. Nc3 a6 6. Bg5 e6 7. f4 h6 8.
Bh4 Nbd7 9. Qf3 Be7 10. O-O-O Qc7 11. Bd3 b5 12. Rhe1 Bb7 13. Qg3 O-O-O 14.
Qxg7 Nh5 15. Qxf7 Bxh4 16. Nxe6 Qb6 17. Nxd8 Bxe1 18. Rxe1 Qf2 19. Rf1 Qe3+
20. Kb1 Rxd8 21. Qxh5 Nc5 22. Qf3 Qd4 23. Qf2 Qxf2 24. Rxf2 b4 25. Nd5 Nxd3
26. cxd3 Bxd5 27. exd5 Rf8 28. f5 Rf6 29. Kc2 Kb7 30. Kb3 a5 31. g4 Kb6 32.
Kc4 Ka6 33. h4 Kb6 34. g5 hxg5 35. hxg5 Rf8 36. f6 Kc7 37. g6 Kd7 38. g7 Rg8
39. f7 Rxg7 40. f8=Q Rg4+ 41. Kb3 a4+ 42. Kxa4 b3+ 43. Kxb3 Kc7 44. Rf7+ Kb6
45. Qxd6+ Kb5 46. Rb7+ Ka5 47. Qb6# {Black checkmated} 1-0

[Event "ICC tourney 1921 (15 5)"]
[Site "Internet Chess Club"]
[Date "2020.07.17"]
[Round "5"]
[White "tcrgm"]
[Black "andrewjiang2"]
[Result "1/2-1/2"]
[ICCResult "Game drawn by mutual agreement"]
[WhiteElo "1532"]
[BlackElo "1334"]
[Opening "Giuoco Piano"]
[ECO "C54"]
[NIC "IG.02"]
[Time "16:13:16"]
[TimeControl "900+5"]

1. e4 e5 2. Nf3 Nc6 3. Bc4 Bc5 4. c3 Nf6 5. d4 exd4 6. cxd4 Bb4+ 7. Bd2
Bxd2+ 8. Nbxd2 d5 9. exd5 Nxd5 10. O-O O-O 11. Bb5 Nde7 12. Re1 Bg4 13. Qc2
a6 14. Bd3 h6 15. Bh7+ Kh8 16. Be4 f5 17. Bxc6 Nxc6 18. Rac1 Nxd4 19. Nxd4
Qxd4 20. Nb3 Qf6 21. Qxc7 Qxb2 22. Qxb7 Qxa2 23. Nd4 Rab8 24. Qa7 Qd5 25.
Ne6 Rg8 26. Qxa6 Rb2 27. h3 Qd2 28. Kh1 Qxf2 29. Qf1 Qh4 30. Nf4 Kh7 31. Qd3
Rf8 32. g3 Qg5 33. hxg4 Qxg4 34. Rb1 Rf2 35. Re3 Rc8 36. Rf1 Ra2 37. Re5 Rf8
{Game drawn by mutual agreement}
1/2-1/2

[Event "ICC tourney 1921 (15 5)"]
[Site "Internet Chess Club"]
[Date "2020.07.17"]
[Round "5"]
[White "ChoppinHeadz"]
[Black "siddhu25"]
[Result "1-0"]
[ICCResult "Black checkmated"]
[WhiteElo "1479"]
[BlackElo "1462"]
[Opening "Grünfeld: modern exchange variation"]
[ECO "D85"]
[NIC "GI.04"]
[Time "16:13:41"]
[TimeControl "900+5"]

1. d4 Nf6 2. c4 g6 3. Nc3 d5 4. cxd5 Nxd5 5. e4 Nxc3 6. bxc3 Bg7 7. Nf3 c5
8. Bb5+ Bd7 9. Bxd7+ Qxd7 10. O-O Nc6 11. Be3 O-O 12. Rc1 cxd4 13. cxd4 Rfd8
14. e5 Rac8 15. Qe2 Qd5 16. Rc5 Qe4 17. Rfc1 Nxd4 18. Nxd4 Rxc5 19. Rxc5
Rxd4 20. Rc8+ Bf8 21. Bh6 Qb1+ 22. Qf1 Qxf1+ 23. Kxf1 Rc4 24. Rxf8#
{Black checkmated}
1-0

[Event "ICC tourney 1921 (15 5)"]
[Site "Internet Chess Club"]
[Date "2020.07.17"]
[Round "5"]
[White "woodychess"]
[Black "mancogu"]
[Result "1-0"]
[ICCResult "Black checkmated"]
[WhiteElo "1558"]
[BlackElo "1320"]
[Opening "QGD: exchange variation"]
[ECO "D35"]
[NIC "QO.16"]
[Time "16:13:22"]
[TimeControl "900+5"]

1. d4 d5 2. c4 e6 3. Nc3 Nf6 4. cxd5 Nxd5 5. e4 Nxc3 6. bxc3 c5 7. Nf3 Nc6
8. Bc4 a6 9. a4 Be7 10. O-O O-O 11. Bf4 cxd4 12. cxd4 Bd6 13. e5 Be7 14. Bd3
Bd7 15. Qe2 Qb6 16. Qe4 g6 17. Bh6 Rfd8 18. Rfb1 Qa7 19. Qf4 Bf8 20. Ng5 Be8
21. Bxf8 Kxf8 22. Nxe6+ Kg8 23. Nxd8 Rxd8 24. Rd1 Nxd4 25. Kh1 Bc6 26. Bc4
Ne6 27. Bxe6 Rxd1+ 28. Rxd1 fxe6 29. Rd8+ Kg7 30. Qf8# {Black checkmated}
1-0

[Event "ICC tourney 1921 (15 5)"]
[Site "Internet Chess Club"]
[Date "2020.07.17"]
[Round "5"]
[White "LionMate"]
[Black "Mulan2009"]
[Result "0-1"]
[ICCResult "White resigns"]
[WhiteElo "1258"]
[BlackElo "1564"]
[Opening "French: advance, Paulsen attack"]
[ECO "C02"]
[NIC "FR.03"]
[Time "16:13:24"]
[TimeControl "900+5"]

1. e4 e6 2. d4 d5 3. e5 c5 4. c3 Nc6 5. Nf3 cxd4 6. cxd4 f6 7. exf6 Nxf6 8.
Nc3 Bb4 9. Bd2 O-O 10. Be2 Qb6 11. O-O Nxd4 12. Nxd4 Qxd4 13. a3 Bxc3 14.
Bxc3 Qxd1 15. Raxd1 Ne4 16. Be5 Bd7 17. Bd3 Nc5 18. Rfe1 Nxd3 19. Rxd3 Rac8
20. Rg3 Rf7 21. h3 g6 22. Rb3 b6 23. Ree3 Rc1+ 24. Kh2 Rxf2 25. Rbc3 Rcc2
26. Rg3 Rxc3 27. Rxc3 Rf7 28. b3 Kf8 29. a4 Ke7 30. Rc7 Rf5 31. Bg3 a5 32.
Rb7 d4 33. Rxb6 Rd5 34. Bh4+ g5 35. Be1 e5 36. Rh6 Bf5 37. Rc6 e4 38. g4 Be6
39. Rc1 e3 40. Rd1 d3 41. Kg2 d2 42. Kf3 dxe1=Q 43. Rxe1 Rd3 44. b4 axb4 45.
Rb1 b3 46. Ke4 Rc3 47. Kd4 Rc4+ 48. Kxe3 Rxa4 49. Kd3 h5 50. gxh5 Bf5+ 51.
Kc3 Bxb1 52. Kxb3 Rh4 53. h6 Rxh6 {White resigns} 0-1

[Event "ICC tourney 1921 (15 5)"]
[Site "Internet Chess Club"]
[Date "2020.07.17"]
[Round "5"]
[White "jvihaan"]
[Black "gmcarebear999"]
[Result "0-1"]
[ICCResult "White resigns"]
[WhiteElo "1306"]
[BlackElo "1416"]
[Opening "Sicilian: dragon, classical attack"]
[ECO "B73"]
[NIC "SI.16"]
[Time "16:14:04"]
[TimeControl "900+5"]

1. e4 c5 2. Nf3 d6 3. d4 cxd4 4. Nxd4 Nf6 5. Nc3 g6 6. Be3 Bg7 7. Be2 O-O 8.
O-O Nc6 9. Nxc6 bxc6 10. f4 Bd7 11. h3 Qc7 12. g4 Rab8 13. Rb1 Rfd8 14. g5
Ne8 15. f5 Qa5 16. Bg4 Nc7 17. f6 Bf8 18. Bxd7 Rxd7 19. Qg4 Ne6 20. h4 Rdb7
21. Qxe6 fxe6 22. f7+ Kh8 23. Bd4+ e5 24. b4 Rxb4 25. Rxb4 Qxb4 26. Bxa7 Ra8
27. Ne2 Rxa7 28. Ng3 Qc3 29. Kg2 Rxa2 30. h5 Rxc2+ 31. Kh3 gxh5 {White
resigns} 0-1

[Event "ICC tourney 1921 (15 5)"]
[Site "Internet Chess Club"]
[Date "2020.07.17"]
[Round "5"]
[White "otcm"]
[Black "Ajitesh20091"]
[Result "0-1"]
[ICCResult "White checkmated"]
[WhiteElo "1051"]
[BlackElo "1419"]
[Opening "Catalan: closed, 5.Nf3"]
[ECO "E06"]
[NIC "CA.04"]
[Time "16:13:56"]
[TimeControl "900+5"]

1. d4 Nf6 2. c4 e6 3. g3 d5 4. Bg2 Be7 5. Nf3 c6 6. O-O O-O 7. Qc2 b6 8. Bg5
Bb7 9. b3 Nbd7 10. Nc3 Rc8 11. Rfe1 h6 12. Bc1 c5 13. cxd5 exd5 14. Bb2 Ne4
15. Qd1 cxd4 16. Nxe4 dxe4 17. Nxd4 Nf6 18. Nf5 Bb4 19. Qxd8 Rfxd8 20. Red1
Rxd1+ 21. Rxd1 Rc2 22. Nxh6+ gxh6 23. Bxf6 Rxe2 24. h4 Rxa2 25. Rd8+ Kh7 26.
Rd7 Bc6 27. Rc7 Bd5 28. Rd7 Kg6 29. Rxd5 Kxf6 30. Bxe4 Bc5 31. Rf5+ Kg7 32.
Rf3 a5 33. Bd5 b5 34. Rxf7+ Kg6 35. Rc7 Bxf2+ 36. Kg2 Bb6+ 37. Kf3 Bxc7 38.
Ke3 Bxg3 39. b4 Ra3+ 40. Ke4 Bxh4 41. bxa5 Rxa5 42. Kd3 Bg3 43. Be4+ Kg5 44.
Kc3 h5 45. Bd3 Ra3+ 46. Kc2 Rxd3 47. Kxd3 h4 48. Kd2 h3 49. Ke2 h2 50. Kd2
h1=Q 51. Ke2 Qe4+ 52. Kf1 Qf3+ 53. Kg1 Qf2+ 54. Kh1 Qh2# {White checkmated}
0-1

[Event "ICC tourney 1921 (15 5)"]
[Site "Internet Chess Club"]
[Date "2020.07.17"]
[Round "5"]
[White "Hrushichess"]
[Black "LChessMaster"]
[Result "1/2-1/2"]
[ICCResult "Game drawn by mutual agreement"]
[WhiteElo "1397"]
[BlackElo "1594"]
[Opening "Sicilian: Najdorf, Lipnitzky attack"]
[ECO "B90"]
[NIC "SI.13"]
[Time "16:13:28"]
[TimeControl "900+5"]

1. e4 c5 2. Nf3 d6 3. d4 cxd4 4. Nxd4 Nf6 5. Nc3 a6 6. Bc4 e5 7. Nf3 Be7 8.
Bg5 Be6 9. Bxe6 fxe6 10. Qd2 Nbd7 11. O-O-O O-O 12. Bxf6 Nxf6 13. h4 b5 14.
h5 Qb6 15. Ng5 Ng4 16. Nxe6 Rf6 17. Qd5 Rc8 18. Ng5+ Kh8 19. Nf7+ Rxf7 20.
Qxf7 Qc7 21. Kb1 b4 22. Nd5 Qxc2+ 23. Ka1 Nxf2 24. Nxb4 Qe2 25. Qf5 Rf8 26.
Rhe1 Qb5 27. Qe6 Nxd1 28. Rxd1 Rf1 29. Qc8+ Bf8 30. Rb1 Rxb1+ 31. Kxb1 Kg8
32. Qe6+ Kh8 {Game drawn by mutual agreement} 1/2-1/2

[Event "ICC tourney 1921 (15 5)"]
[Site "Internet Chess Club"]
[Date "2020.07.17"]
[Round "5"]
[White "Averyyu321"]
[Black "Kfprasanna"]
[Result "1-0"]
[ICCResult "Black resigns"]
[WhiteElo "1269"]
[BlackElo "1312"]
[Opening "Giuoco Pianissimo"]
[ECO "C50"]
[NIC "IG.02"]
[Time "16:13:17"]
[TimeControl "900+5"]

1. e4 e5 2. Nf3 Nc6 3. Bc4 Bc5 4. d3 d6 5. c3 Nf6 6. Nbd2 Be6 7. Bb5 a6 8.
Ba4 b5 9. Bc2 O-O 10. O-O Re8 11. h3 h6 12. Re1 Rc8 13. Nf1 Bd7 14. Ng3 d5
15. Qe2 d4 16. Bd2 Be6 17. Nh4 Ng4 18. Nhf5 Bxf5 19. Nxf5 Nf6 20. Qf3 dxc3
21. bxc3 Nh7 22. Qg4 g6 23. Nxh6+ Kf8 24. Qf3 Qe7 25. Bb3 f6 26. Ng4 Rcd8
27. Bh6+ Qg7 28. Bxg7+ Kxg7 {Black resigns} 1-0

[Event "ICC tourney 1921 (15 5)"]
[Site "Internet Chess Club"]
[Date "2020.07.17"]
[Round "5"]
[White "harkerchess"]
[Black "Kinawa"]
[Result "1-0"]
[ICCResult "Black forfeits on time"]
[WhiteElo "1464"]
[BlackElo "1417"]
[Opening "Trompowsky attack (Ruth, Opocenský opening)"]
[ECO "A45"]
[NIC "QP.07"]
[Time "16:13:18"]
[TimeControl "900+5"]

1. d4 Nf6 2. Bg5 d5 3. Bxf6 exf6 4. e3 Bd6 5. c4 dxc4 6. Bxc4 O-O 7. Ne2 Bf5
8. Nbc3 Nc6 9. O-O Bg6 10. Rc1 a6 11. a4 f5 12. Nd5 Qh4 13. Ndf4 Bh5 14. g3
Bxe2 15. Bxe2 Qh6 16. Ng2 g5 17. Bf3 Na5 18. Qd3 f4 19. e4 fxg3 20. fxg3
Rac8 21. Ne3 Qg6 22. Nf5 Rfd8 23. Qc3 b6 24. Be2 {Black forfeits on time}
1-0

[Event "ICC tourney 1921 (15 5)"]
[Site "Internet Chess Club"]
[Date "2020.07.17"]
[Round "5"]
[White "WCCJCB"]
[Black "Sricharan07"]
[Result "0-1"]
[ICCResult "White checkmated"]
[WhiteElo "1575"]
[BlackElo "1493"]
[Opening "King's Indian: fianchetto, Yugoslav Panno"]
[ECO "E66"]
[NIC "KI.67"]
[Time "16:13:45"]
[TimeControl "900+5"]

1. d4 Nf6 2. c4 g6 3. Nc3 Bg7 4. g3 d6 5. Bg2 O-O 6. Nf3 c5 7. O-O Nc6 8. d5
Na5 9. Nd2 a6 10. Qc2 Bd7 11. a4 b5 12. axb5 axb5 13. cxb5 Qb6 14. Nb3 Bxb5
15. Rxa5 Rxa5 16. Nxa5 Qxa5 17. Bd2 Qa6 18. Nxb5 Qxb5 19. Bc3 Rb8 20. e4 Nd7
21. f4 Bxc3 22. bxc3 c4 23. Rd1 Nc5 24. e5 Nd3 25. exd6 Qc5+ 26. Kf1 exd6
27. Rxd3 cxd3 28. Qxd3 Rc8 29. Ke2 Qxc3 30. Qxc3 Rxc3 31. Be4 Ra3 32. h4
Rxg3 33. Kf2 Ra3 34. Kg2 f5 35. Bf3 Kg7 36. Kg3 h6 37. Kf2 Kf6 38. Bg2 g5
39. fxg5+ hxg5 40. hxg5+ Kxg5 41. Bf3 Kf4 42. Be2 Ke4 43. Ke1 f4 44. Kf2 f3
45. Bf1 Ra2+ 46. Kg1 Ke3 47. Bh3 Ra5 48. Be6 f2+ 49. Kg2 Ra1 50. Kg3 f1=Q
51. Bh3 Qf4+ 52. Kg2 Ra2+ 53. Kh1 Qf3+ 54. Kg1 Qf2+ 55. Kh1 Qh2#
{White checkmated}
0-1

[Event "ICC tourney 1921 (15 5)"]
[Site "Internet Chess Club"]
[Date "2020.07.17"]
[Round "5"]
[White "guineapig25"]
[Black "avaanc"]
[Result "1-0"]
[ICCResult "Black checkmated"]
[WhiteElo "1593"]
[BlackElo "1591"]
[Opening "Sicilian: Hungarian variation"]
[ECO "B27"]
[NIC "SI.43"]
[Time "16:13:23"]
[TimeControl "900+5"]

1. e4 c5 2. Nf3 g6 3. d4 cxd4 4. c3 Bg7 5. Bc4 d3 6. Qxd3 Nc6 7. Bf4 d6 8.
O-O Nf6 9. Na3 O-O 10. Rad1 Nd7 11. Kh1 Nc5 12. Qe2 Bg4 13. Nc2 Nd7 14. h3
Bxf3 15. Qxf3 Nde5 16. Qe2 Nxc4 17. Qxc4 Rc8 18. Qe2 Qb6 19. Ne3 Qa5 20. Nd5
Rfe8 21. Bg5 h6 22. Be3 Ne5 23. f4 Nc4 24. Bd4 Qxa2 25. f5 Bxd4 26. cxd4
Qxb2 27. Qg4 g5 28. f6 e6 29. Qh5 Ne3 30. Nxe3 Kh7 31. Qxf7+ Kh8 32. Qg7#
{Black checkmated}
1-0

[Event "ICC tourney 1921 (15 5)"]
[Site "Internet Chess Club"]
[Date "2020.07.17"]
[Round "5"]
[White "poohfur"]
[Black "kralj8"]
[Result "0-1"]
[ICCResult "White checkmated"]
[WhiteElo "1438"]
[BlackElo "1675"]
[Opening "Two knights defense (Modern bishop's opening)"]
[ECO "C55"]
[NIC "IG.01"]
[Time "16:13:16"]
[TimeControl "900+5"]

1. e4 e5 2. Nf3 Nc6 3. Bc4 Nf6 4. d3 Be7 5. c3 d6 6. Nbd2 Bg4 7. h3 Bh5 8.
Bb3 O-O 9. Nf1 Bg6 10. g4 Nd7 11. Ng3 Nc5 12. Bc2 a5 13. h4 h6 14. g5 h5 15.
Ng1 d5 16. Qe2 Qd7 17. Nxh5 dxe4 18. dxe4 Rad8 19. Ng3 Bh7 20. Be3 Nd4 21.
cxd4 exd4 22. O-O-O d3 23. Qh5 Qb5 24. Bxc5 Qxc5 25. g6 Qxc2# {White
checkmated} 0-1

[Event "ICC tourney 1921 (15 5)"]
[Site "Internet Chess Club"]
[Date "2020.07.17"]
[Round "5"]
[White "brilliantnessme"]
[Black "cruiseship"]
[Result "1-0"]
[ICCResult "Black resigns"]
[WhiteElo "1619"]
[BlackElo "1278"]
[Opening "Ruy Lopez: Möller defense"]
[ECO "C78"]
[NIC "RL.12"]
[Time "16:14:04"]
[TimeControl "900+5"]

1. e4 e5 2. Nf3 Nc6 3. Bb5 a6 4. Ba4 Nf6 5. O-O Bc5 6. c3 b5 7. Bc2 d6 8. d4
exd4 9. cxd4 Bb6 10. Nc3 Bg4 11. h3 Bxf3 12. gxf3 Bxd4 13. a4 b4 14. Ne2 Bb6
15. a5 Bc5 16. Ba4 Qd7 17. Be3 O-O-O 18. Rc1 Kb7 19. Nd4 Qxh3 20. Bxc6+ Kc8
21. Qd3 Rde8 22. Qxa6+ Kd8 23. Qa8+ Ke7 24. Bxe8 Rxe8 25. Qc6 Bxd4 26. Bxd4
Qxf3 27. Bxf6+ gxf6 28. Qxc7+ Ke6 29. Rfd1 Rg8+ 30. Kf1 Qg2+ 31. Ke2 Qxe4+
32. Kd2 Qd5+ 33. Kc2 b3+ 34. Kc3 Qe5+ 35. Kxb3 Qb5+ 36. Ka3 Kf5 37. Qc2+
{Black resigns}
1-0

[Event "ICC tourney 1921 (15 5)"]
[Site "Internet Chess Club"]
[Date "2020.07.17"]
[Round "5"]
[White "natez"]
[Black "ChessHawk8"]
[Result "0-1"]
[ICCResult "White resigns"]
[WhiteElo "1581"]
[BlackElo "1621"]
[Opening "French: exchange variation"]
[ECO "C01"]
[NIC "QO.17"]
[Time "16:13:23"]
[TimeControl "900+5"]

1. d4 e6 2. e4 d5 3. exd5 exd5 4. Bd3 Nf6 5. c3 c6 6. Nd2 Bd6 7. Ngf3 O-O 8.
O-O Qc7 9. Re1 Bg4 10. h3 Be6 11. Qc2 h6 12. Ne5 Nbd7 13. f4 Nh5 14. Ndf3 c5
15. f5 c4 16. Bf1 Nxe5 17. dxe5 Bc5+ 18. Kh2 Bd7 19. f6 Nxf6 20. g3 Ne4 21.
Bf4 Qb6 22. Rab1 Bf5 23. Nh4 Bh7 24. Qd1 Bg1+ {White resigns} 0-1

[Event "ICC tourney 1921 (15 5)"]
[Site "Internet Chess Club"]
[Date "2020.07.17"]
[Round "5"]
[White "RobloxMadCity"]
[Black "maglrashin"]
[Result "0-1"]
[ICCResult "White checkmated"]
[WhiteElo "1364"]
[BlackElo "1328"]
[Opening "Two knights defense"]
[ECO "C59"]
[NIC "KP.01"]
[Time "16:14:04"]
[TimeControl "900+5"]

1. e4 e5 2. Nf3 Nc6 3. Bc4 Nf6 4. Ng5 d5 5. exd5 Na5 6. Bb5+ c6 7. dxc6 bxc6
8. Be2 h6 9. Nf3 e4 10. Ne5 Bd6 11. d4 O-O 12. O-O Qe7 13. Ng4 Nxg4 14. Bxg4
f5 15. Be2 Qh4 16. g3 Qh3 17. Re1 f4 18. Bf1 Qf5 19. Nc3 fxg3 20. hxg3 Qxf2+
21. Kh1 Bxg3 22. Re2 Qxf1+ 23. Qxf1 Rxf1+ 24. Kg2 Rf3 25. Nxe4 Bg4 26. Bd2
Bc7 27. Nf2 Rg3+ 28. Kf1 Bxe2+ 29. Kxe2 Re8+ 30. Kf1 Rf3 31. Kg2 Ref8 32.
Nd3 Rg3+ 33. Kh2 Rxd3+ 34. Kg2 Rg3+ 35. Kh1 Rf5 36. Bg5 Rfxg5 37. Rg1 Rh5#
{White checkmated}
0-1

[Event "ICC tourney 1921 (15 5)"]
[Site "Internet Chess Club"]
[Date "2020.07.17"]
[Round "5"]
[White "che2468"]
[Black "AwarePiece"]
[Result "0-1"]
[ICCResult "White checkmated"]
[WhiteElo "1381"]
[BlackElo "1520"]
[Opening "Queen's pawn: Chigorin variation"]
[ECO "D00"]
[NIC "QP.08"]
[Time "16:13:44"]
[TimeControl "900+5"]

1. d4 d5 2. Nc3 Nf6 3. Bf4 e6 4. a3 Bd6 5. Bg3 c5 6. e3 O-O 7. Nf3 Nc6 8.
Be2 a6 9. Qd2 Qe7 10. Bxd6 Qxd6 11. O-O cxd4 12. Nxd4 e5 13. Nxc6 bxc6 14.
Qd3 e4 15. Qd4 c5 16. Qd2 d4 17. Rad1 Rd8 18. exd4 cxd4 19. Bc4 Bg4 20. Ne2
Qc5 21. Bb3 d3 22. cxd3 Rxd3 23. Qe1 Rxb3 24. Rc1 Qe7 25. Nd4 Rxb2 26. Qc3
Rb7 27. Nc6 Qe8 28. f3 exf3 29. Rfe1 Be6 30. Qxf3 h6 31. Nd4 Re7 32. Nf5
Bxf5 33. Rxe7 Qxe7 34. Qxa8+ Kh7 35. Qf3 Be4 36. Qc3 Qa7+ 37. Qc5 Qxc5+ 38.
Rxc5 Kg6 39. Kf2 Ng4+ 40. Kg3 f5 41. Rc3 Kf6 42. h3 Ne5 43. Kf4 Bxg2 44. Rc5
Nd3+ 45. Kg3 Nxc5 46. Kxg2 Ke5 47. Kf2 Ke4 48. Ke2 f4 49. h4 f3+ 50. Kf2
Nd3+ 51. Kf1 Ke3 52. h5 f2 53. a4 Kd4 54. a5 Kc5 55. Ke2 Kb5 56. Kf1 Kxa5
57. Ke2 Kb4 58. Kf1 a5 59. Ke2 a4 60. Kf1 a3 61. Ke2 a2 62. Kxd3 f1=Q+ 63.
Kd4 a1=Q+ 64. Kd5 Qad1+ 65. Kc6 Qc4+ 66. Kb6 Kc3 67. Ka5 Qdd5+ 68. Kb6 Qcc6+
69. Ka7 Qdd7+ 70. Kb8 Qcc8# {White checkmated} 0-1